 Dungeon Crawl Stone Soup version 0.21-a0-338-g36cf2fc (webtiles) character file.

93 tilp the Firebug (level 4, 0/33 HPs)
             Began as a Hill Orc Fire Elementalist on Oct 3, 2017.
             Slain by an orc priest
             ... wielding a +0 club
              (3 damage)
             ... on level 3 of the Dungeon.
             The game lasted 00:09:57 (2998 turns).

tilp the Firebug (Hill Orc Fire Elementalist)       Turns: 2998, Time: 00:09:57

Health: 0/33       AC:  3    Str: 10    XL:     4   Next: 61%
Magic:  0/7        EV: 12    Int: 16    God:
Gold:   106        SH:  0    Dex: 11    Spells: 1/7 levels left

rFire    . . .     SeeInvis .   a - +1 dagger
rCold    . . .     Gourm    .   (no shield)
rNeg     . . .     Faith    .   d - +0 robe
rPois    .         Spirit   .   (no helmet)
rElec    .         Reflect  .   (no cloak)
rCorr    .         Harm     .   (no gloves)
MR       .....                  h - +0 pair of boots
Stlth    ++........             (no amulet)
HPRegen  0.11/turn              (no ring)
MPRegen  0.10/turn              (no ring)

@: no status effects
A: no striking features
a: Convert to Beogh


You were on level 3 of the Dungeon.
You were not hungry.

You visited 1 branch of the dungeon, and saw 3 of its levels.

You collected 106 gold pieces.

Inventory:

Hand Weapons
 a - a +1 dagger (weapon)
 b - a +0 hunting sling
Missiles
 i - 94 stones (quivered)
 s - 38 sling bullets
Armour
 d - a +0 robe (worn)
 g - a +1 ring mail of positive energy
 h - a +0 pair of boots (worn)
Magical Staves
 p - an uncursed staff of air
Scrolls
 r - a scroll of identify
Potions
 e - 2 potions of brilliance
Books
 n - a book of Flames

   Spells                             Type                      Level
   a - Flame Tongue                   Conjuration/Fire             1
   b - Throw Flame                    Conjuration/Fire             2
   c - Conjure Flame                  Conjuration/Fire             3
   d - Inner Flame                    Hexes/Fire                   3
   e - Sticky Flame                   Conjuration/Fire             4
   f - Fireball                       Conjuration/Fire             5
Comestibles
 c - 5 bread rations
 l - a royal jelly
 m - 2 chunks of flesh


   Skills:
 - Level 1.5 Dodging
 - Level 1.5 Stealth
 + Level 2.3 Spellcasting
 + Level 2.5 Conjurations
 + Level 4.2 Fire Magic


You had one spell level left.
You knew the following spells:

 Your Spells              Type           Power        Failure   Level  Hunger
a - Flame Tongue          Conj/Fire      ##...        4%          1    #......
b - Throw Flame           Conj/Fire      ##....       8%          2    ###....
c - Conjure Flame         Conj/Fire      ##......     14%         3    ###....


Dungeon Overview and Level Annotations

Branches:
Dungeon (3/15)

Altars:
Cheibriados
Gozag
Sif Muna
The Shining One

Annotations:
D:3 Sigmund


Message History

Your magical effects are unravelling.
You feel magically purged.
Your magical contamination has completely faded away.
You float gracefully downwards.
Your resistance to elements expires.
The orc priest begins to cast a cantrip, but forgets the words!
Casting: Flame Tongue
Confirm with . or Enter, or press ? or * to list all spells.
Aiming: Flame Tongue
Press: ? - help, Shift-Dir - straight line, f/p - orc priest
Aim: an orc priest, wielding a club The flame tongue hits the orc priest.
The orc priest is moderately wounded.
The orc priest shouts, "Surrender to Beogh and we'll let you live!" x2
The orc priest barely misses you.
Okay, then.
As you read the scroll labeled COLEAF XUFU, it crumbles to dust.
It is a scroll of enchant weapon.
Your +0 dagger glows red for a moment.
The orc priest hits you with a club.
You die...

#.# # #.# #.......... #.#
#.# #.######### #.# #.# #.#
#.# # #.# #.# #.# #.# #
#.###.### #.# #.# # ......>#
#.# #.# # ###.#...# #.# #.#
# .._....#######.####(# #
#.#.....)oo@.......# #
#......######.##############
####.#.## #...............
#....# ################
##.#.# #o..# ##..# ..# o..


You could see an orc priest and an orc wizard.

Vanquished Creatures
  3 adders
  2 worms
  2 dart slugs (D:2)
  4 leopard geckos (D:2)
  An orc (D:3)
  2 ball pythons
  3 giant cockroaches
  9 goblins
  4 hobgoblins
  A quokka (D:3)
  7 bats
  4 frilled lizards
  4 kobolds
  7 rats
53 creatures vanquished.

Notes
Turn   | Place    | Note
-------+----------+-------------------------------------------
     0 | D:1      | tilp the Hill Orc Fire Elementalist began the quest for the Orb.
     0 | D:1      | Reached XP level 1. HP: 14/14 MP: 3/3
   535 | D:1      | Reached XP level 2. HP: 20/20 MP: 4/4
  1041 | D:1      | Learned a level 2 spell: Throw Flame
  1182 | D:2      | Reached XP level 3. HP: 25/26 MP: 4/6
  1198 | D:2      | Learned a level 3 spell: Conjure Flame
  1715 | D:2      | Found a glowing golden altar of the Shining One.
  1809 | D:2      | Reached skill level 4 in Fire Magic
  2211 | D:2      | Reached XP level 4. HP: 33/33 MP: 7/7
  2465 | D:2      | Found a deep blue altar of Sif Muna.
  2556 | D:3      | Noticed Sigmund
  2802 | D:3      | Found an opulent altar of Gozag.
  2954 | D:3      | Found a snail-covered altar of Cheibriados.
  2998 | D:3      | Slain by an orc priest

Vault maps used:
D:1:      minmay_arrival_plants_in_alcoves, minmay_misc_feat_nine_boxes
D:2:      tso_oasis_becter, led_sif_pool
D:3:      nicolae_gozag_seed_capital, lemuel_crystal_altar, uniq_sigmund

Skill      XL: |  1  2  3 |
---------------+----------+-----
Spellcasting   | 2 |  2.3
Conjurations   | 2 |  2.5
Fire Magic     | 4 |  4.2
Dodging        | |  1.5
Stealth        | |  1.5

Action                   |  1- 3 |  4- 6 || total
-------------------------+-------+-------++-------
Melee: Dagger            |    75 |    49 ||   124
 Fire: Hunting sling     |     2 |     1 ||     3
Throw: Stone             |     6 |       ||     6
 Cast: Flame Tongue      |    38 |    24 ||    62
       Conjure Flame     |       |     1 ||     1
  Use: Scroll            |       |     3 ||     3
       Potion            |       |     3 ||     3
 Stab: Sleeping          |     2 |       ||     2
  Eat: Chunk             |     5 |     3 ||     8
Armor: Robe              |    30 |    15 ||    45
Dodge: Dodged            |    74 |    40 ||   114

Table legend:
 A = Spawn XP
 B = Non-spawn XP
 C = Spawn XP percentage of total XP
 D = Spawn monster count
 E = Non-spawn monster count
 F = Spawn count percentage of total count
 G = Total turns spent on level
                    A         B        C        D         E        F      G
               +---------+---------+-------+---------+---------+-------+---------
         Total |       0 |     133 |   0.0 |       0 |      53 |   0.0 |  2998
               +---------+---------+-------+---------+---------+-------+---------
           D:1 |       0 |      33 |   0.0 |       0 |      14 |   0.0 |  1243
           D:2 |       0 |      77 |   0.0 |       0 |      27 |   0.0 |  1335
           D:3 |       0 |      23 |   0.0 |       0 |      12 |   0.0 |   420
               +---------+---------+-------+---------+---------+-------+---------
